 Dungeon Crawl Stone Soup version 0.23.0-3-gf3c87f2df8 (webtiles) character file.

Game seed: 14453233028900772610

38691 igorpavliuk the Slingshot (level 14, -2/103 HPs)
             Began as a Halfling Hunter on Feb 24, 2019.
             Was a High Priest of Trog.
             Slain by an infernal blood saint
             ... wielding a +0 dagger
              (19 damage)
             ... in Pandemonium.
             The game lasted 03:08:24 (18748 turns).

igorpavliuk the Slingshot (Halfling Hunter)        Turns: 18748, Time: 03:08:25

Health: -2/103     AC: 11    Str: 16    XL:     14   Next: 35%
Magic:  14/14      EV: 19    Int: 13    God:    Trog [*****.]
Gold:   930        SH:  8    Dex: 25    Spells: 13/13 levels left

rFire    x . .     SeeInvis .   a - +7 hunting sling
rCold    . . .     Gourm    .   p - +0 buckler {reflect}
rNeg     + . .     Faith    .   B - +2 ring mail {rN+}
rPois    .         Spirit   .   M - +1 helmet
rElec    .         Reflect  +   (no cloak)
rCorr    .         Harm     .   E - +0 pair of gloves
MR       +++..     Rnd*Rage +   s - +0 pair of boots
Stlth    ++++......             F - necklace of Bloodlust {*Rage +Rage MR++ Int-3 Slay+6 *Curse} (curse)
HPRegen  0.27/turn              x - ring of stealth
MPRegen  0.14/turn              G - ring "Ekace" {*Drain rF- Int+7 Dex+8 Slay+3}

@: berserk cooldown, slowed, lightly drained, very slow
A: small, mutation resistance 1
a: Berserk, Trog's Hand, Brothers in Arms, Renounce Religion, Evoke Berserk Rage


You were in Pandemonium.
You worshipped Trog.
Trog was extremely pleased with you.
You were hungry.

You visited 3 branches of the dungeon, and saw 13 of its levels.
You visited Pandemonium 1 time, and saw 1 of its levels.
You also visited: Ice Cave.

You collected 1767 gold pieces.
You spent 837 gold pieces at shops.

Inventory:

Hand Weapons
 a - a +7 hunting sling (weapon)
 g - a +3 demon blade of electrocution
 w - a +0 demon whip
 C - a +1 short sword of speed
 H - a +2 demon blade of pain
Missiles
 d - 307 stones
 r - 3 sling bullets (quivered)
Armour
 b - a +3 plate armour of cold resistance
 p - a +0 buckler of reflection (worn)
 s - a +0 pair of boots (worn)
 B - a +2 ring mail of positive energy (worn)
 E - a +0 pair of gloves (worn)
 M - a +1 helmet (worn)
Jewellery
 x - a ring of stealth (left hand)
 F - the cursed necklace of Bloodlust (around neck) {*Rage +Rage MR++ Int-3 Slay+6 *Curse}
   (You acquired it on level 9 of the Dungeon)

   [amulet of rage]

   It affects your intelligence (-3).
   It affects your accuracy and damage with ranged weapons and melee attacks
   (+6).
   It affects your resistance to hostile enchantments.
   It lets you go berserk.
   It may make you go berserk in combat.
   It curses itself when equipped.
   It has a curse placed upon it.
 G - the ring "Ekace" (right hand) {*Drain rF- Int+7 Dex+8 Slay+3}
   (You acquired it on level 9 of the Dungeon)

   [ring of slaying]

   It affects your intelligence (+7).
   It affects your dexterity (+8).
   It affects your accuracy and damage with ranged weapons and melee attacks
   (+3).
   It makes you vulnerable to fire.
   It causes draining when unequipped.
 I - an uncursed ring of positive energy
 Q - an uncursed ring of poison resistance
 T - an uncursed ring of protection from magic
Wands
 i - a wand of random effects (28)
 l - a wand of enslavement (30)
 q - a wand of iceblast (36)
 v - a wand of polymorph (41)
 A - a wand of scattershot (4)
 J - a wand of flame (58)
 K - a wand of acid (8)
 N - a wand of digging (4)
Scrolls
 h - 4 scrolls of remove curse
 y - a scroll of teleportation
 L - 4 scrolls of identify
 O - a scroll of immolation
 P - 2 scrolls of enchant armour
 R - a scroll of silence {unknown}
Potions
 c - a potion of agility {unknown}
 e - 3 potions of ambrosia
 j - a potion of resistance {unknown}
 k - 13 potions of degeneration
 m - 2 potions of mutation
 n - 2 potions of lignification
 o - 2 potions of brilliance {unknown}
 t - a potion of might {unknown}
 z - 3 potions of magic
 D - 2 potions of invisibility
 S - a potion of haste {unknown}
Comestibles
 f - 13 rations


   Skills:
 + Level 12.0(11.4) Fighting
 - Level 2.2(1.9) Short Blades
 + Level 0.9(1.0) Long Blades
 * Level 22.3(21.5) Slings
 - Level 2.1(1.6) Armour
 * Level 7.2(6.7) Dodging
 + Level 4.8(4.3) Stealth
 - Level 5.8(5.3) Shields


You had 13 spell levels left.
You didn't know any spells.
Your spell library contained the following spells:

 Spells                   Type           Power        Failure   Level  Hunger
 Beastly Appendage        Tmut           #.....       52%         1    ##.....
 Sticks to Snakes         Tmut           #.......     65%         2    ###....
 Spider Form              Tmut/Pois      #.........   87%         3    ####...
 Ice Form                 Ice/Tmut       #.......     99%         4    #####..
 Blade Hands              Tmut           #.........   100%        5    ######.


Dungeon Overview and Level Annotations

Branches:
Dungeon (10/15)            Temple (1/1) D:4            Lair (0/6) D:10
    Orc (2/2) D:10            Elf (0/3) Orc:2

Altars:
Ashenzari
Cheibriados
Dithmenos
Elyvilon
Fedhas
Gozag
Hepliaklqana
Kikubaaqudgha
Makhleb
Nemelex Xobeh
Okawaru
Qazlal
Ru
Sif Muna
Trog
Uskayaw
Vehumet
Wu Jian
Xom
Yredelemnul
Zin
The Shining One

Shops:
D:4 *   D:10 [   Orc:2 }*(?

Portals:
Pandemonium: Orc:2

Annotations:
Pan 4 runed translucent doors


Innate Abilities, Weirdness & Mutations

You are small and have problems with some larger weapons.
You are somewhat resistant to further mutation.


Message History

You are no longer berserk.
You are exhausted.
You feel yourself slow down.
The infernal blood saint barely misses you.
a - a +7 hunting sling (weapon)
The infernal blood saint conjures a destructive force in the name of Makhleb!
The ghostly flame explodes!
The ghostly fireball engulfs you! You partially resist.
You feel drained.
The ghostly fireball engulfs the infernal blood saint!
The infernal blood saint is drained!
The ghostly flame explodes!
The ghostly fireball engulfs you! You partially resist.
You feel drained.
* * * LOW HITPOINT WARNING * * *
The ghostly fireball engulfs the infernal blood saint!
The infernal blood saint is drained!
As you read the scroll of fog, it crumbles to dust.
The scroll dissolves into smoke.
The infernal blood saint hits you with a +0 dagger!
* * * LOW HITPOINT WARNING * * *
You are engulfed in flames!!
The fire burns you terribly!
You die...

.... ##(#.#..##.......
.#''#.#.(.§#..##.#.....
.+
'..'.#.(..#..##.#.#(##
.
.'..'2+.(#.#..##.#.#.#
#.#''#3#.(#.#..##.#.#.#
'. ..'##s#.........#.##
##+## #.#######.#.....
##...§###§# #.......
.....§§@62# ###.....
..######### #.....
#########.....
#.............
#(..........##
#...?.......##
#...........##
#......3....##
#........3..##


You could see a balrug and an infernal blood saint.

Vanquished Creatures
  An orc warlord (D:10)
  A warmonger (Pan)
  A death yak (IceCv)
  A two-headed ogre (Orc:2)
  6 orc high priests (Orc:2)
  2 soul eaters
  2 gelid demonspawn
  An infernal demonspawn (Orc:2)
  A torturous demonspawn (Orc:2)
  5 orc knights
  5 orc sorcerers (Orc:2)
  A deep elf mage (Orc:1)
  A gargoyle (D:10)
  2 smoke demons (Pan)
  An ice statue (IceCv)
  Joseph (D:8)
  2 rust devils
  3 tormentors (Pan)
  7 polar bears (IceCv)
  3 trolls (Orc:2)
  Grinder (D:3)
  A hippogriff (D:10)
  2 ynoxinuls (Pan)
  Sigmund (D:3)
  A wraith (D:9)
  A spriggan (D:7)
  30 yaks
  A steam dragon (D:9)
  2 wyverns
  Menkaure (D:6)
  A hungry ghost (D:10)
  2 large abominations (Pan)
  2 swamp drakes
  5 sky beasts
  4 ice beasts
  33 orc warriors
  An eye of draining (D:10)
  3 phantoms
  8 ogres
  6 centaurs
  2 necrophages
  A crocodile (D:8)
  14 wolves (IceCv)
  A big kobold (D:9)
  Blork the orc (D:5)
  4 bullfrogs
  2 scorpions
  2 howler monkeys
  6 crimson imps
  4 centaur zombies
  A bullfrog zombie (D:10)
  20 orc priests
  7 hounds
  A jelly (D:6)
  27 orc wizards
  A gnoll shaman (D:4)
  A bullfrog skeleton (D:5)
  An iron imp (Orc:1)
  A centaur skeleton (D:5)
  Jessica (D:2)
  4 iguanas
  Terence (D:3)
  4 worker ants
  2 hound zombies (D:5)
  2 hound skeletons
  A howler monkey skeleton (D:10)
  16 gnolls
  8 adders
  A river rat (D:5)
  2 shadow imps
  14 white imps
  2 adder zombies (D:9)
  4 worms
  5 dart slugs
  3 leopard geckos
  114 orcs
  2 ball pythons
  6 giant cockroaches
  7 goblins
  3 hobgoblins
  8 jackals (D:2)
  A quokka (D:10)
  A ball python skeleton (D:5)
  7 bats
  4 frilled lizards
  A goblin skeleton (D:5)
  A jackal skeleton (D:6)
  12 kobolds
  A kobold skeleton (D:5)
  A kobold zombie (D:5)
  An orc skeleton (D:5)
  2 orc zombies (D:5)
  A quokka skeleton (D:7)
  11 rats
504 creatures vanquished.

Vanquished Creatures (collateral kills)
  A lorocyproca (Pan)
  An orc high priest (Orc:2)
  An orc knight (Orc:2)
  A rust devil (Pan)
  An orange demon (Orc:2)
  A smoke demon (Pan)
  6 orc warriors (Orc:2)
  2 orc priests (Orc:2)
  5 orcs (Orc:2)
19 creatures vanquished.

Vanquished Creatures (others)
  A deep elf mage (Orc:1)
1 creature vanquished.

Grand Total: 524 creatures vanquished

Notes
Turn   | Place    | Note
-------+----------+-------------------------------------------
     0 | D:1      | igorpavliuk the Halfling Hunter began the quest for the
                  | Orb.
     0 | D:1      | Reached XP level 1. HP: 14/14 MP: 1/1
    43 | D:1      | Reached skill level 6 in Slings
    70 | D:1      | Reached XP level 2. HP: 19/19 MP: 2/2
   326 | D:1      | Reached XP level 3. HP: 22/24 MP: 3/3
   454 | D:1      | Reached skill level 7 in Slings
   718 | D:2      | Reached XP level 4. HP: 16/29 MP: 4/4
  1005 | D:2      | Noticed Jessica
  1008 | D:2      | Killed Jessica
  1008 | D:2      | Reached skill level 8 in Slings
  1008 | D:2      | Reached skill level 1 in Armour
  1026 | D:2      | Reached XP level 5. HP: 20/34 MP: 5/5
  1325 | D:2      | Found a hazy altar of Hepliaklqana.
  1486 | D:2      | Found a deep blue altar of Sif Muna.
  1663 | D:3      | Noticed Terence
  1781 | D:3      | Killed Terence
  1961 | D:3      | Noticed Grinder
  2001 | D:3      | Paralysed by Grinder for 4 turns
  2007 | D:3      | Killed Grinder
  2007 | D:3      | Reached skill level 1 in Short Blades
  2007 | D:3      | Reached skill level 9 in Slings
  2007 | D:3      | Reached XP level 6. HP: 36/41 MP: 6/6
  2082 | D:3      | Found a snail-covered altar of Cheibriados.
  2099 | D:3      | Noticed Sigmund
  2195 | D:3      | Reached XP level 7. HP: 45/45 MP: 7/7
  2395 | D:4      | Found Efafo's Assorted Antiques.
  2396 | D:4      | Found an iron altar of Okawaru.
  2402 | D:4      | Reached skill level 10 in Slings
  2469 | D:4      | Bought a thin steel amulet for 135 gold pieces
  2574 | D:4      | Found a shimmering altar of Xom.
  2619 | D:4      | Found a staircase to the Ecumenical Temple.
  2628 | Temple   | Entered the Ecumenical Temple
  2652 | Temple   | Became a worshipper of Trog the Wrathful
  3245 | D:4      | Reached XP level 8. HP: 52/52 MP: 8/8
  3340 | D:4      | Reached skill level 11 in Slings
  3846 | D:5      | Entered Level 5 of the Dungeon
  4374 | D:5      | Reached skill level 12 in Slings
  4756 | D:5      | Found an ornate altar of the Wu Jian Council.
  4980 | D:5      | Noticed Blork the orc
  4994 | D:5      | Killed Blork the orc
  5005 | D:5      | Reached XP level 9. HP: 54/58 MP: 9/9
  5097 | D:5      | Found a shadowy altar of Dithmenos.
  5141 | D:5      | Reached * piety under Trog
  5375 | D:5      | Found a glowing golden altar of the Shining One.
  5496 | D:6      | Noticed a hippogriff
  5670 | D:3      | Killed Sigmund
  5670 | D:3      | Reached skill level 13 in Slings
  5883 | D:6      | Reached ** piety under Trog
  6033 | D:6      | a hippogriff changed into a yak
  6052 | D:6      | Reached skill level 5 in Dodging
  6693 | D:6      | Reached skill level 5 in Fighting
  6978 | D:6      | Noticed Menkaure
  6997 | D:6      | Killed Menkaure
  7557 | D:7      | Reached XP level 10. HP: 63/67 MP: 10/10
  7688 | D:7      | Found a radiant altar of Vehumet.
  7693 | D:7      | Found a white marble altar of Elyvilon.
  7761 | D:7      | Reached skill level 14 in Slings
  8798 | D:7      | Found a glowing silver altar of Zin.
  8911 | D:7      | Reached skill level 15 in Slings
  8974 | D:7      | Reached *** piety under Trog
  9122 | D:7      | Identified a scroll of acquirement
  9213 | D:8      | Reached skill level 1 in Shields
  9276 | D:8      | Found a hide-covered altar of Uskayaw.
  9345 | D:8      | Found a sparkling altar of Nemelex Xobeh.
  9786 | D:8      | Noticed Psyche
  9798 | D:8      | Noticed Psyche
  9798 | D:8      | Psyche changed into Psyche the crocodile
  9809 | D:8      | Killed Psyche the crocodile
 10112 | D:8      | Noticed Joseph
 10124 | D:8      | Killed Joseph
 10281 | D:9      | Reached skill level 5 in Shields
 10740 | D:9      | Found a white marble altar of Elyvilon.
 10792 | D:9      | Got a twitching jade ring
 10793 | D:9      | Identified the ring "Ekace" {*Drain rF- Int+7 Dex+8 Slay+3}
                  | (You acquired it on level 9 of the Dungeon)
 10799 | D:9      | Found the necklace of Bloodlust {*Rage +Rage MR++ Int-3
                  | Slay+6 *Curse}
 10877 | D:9      | Reached XP level 11. HP: 74/74 MP: 11/11
 11011 | D:9      | Received a gift from Trog
 11641 | D:10     | Entered Level 10 of the Dungeon
 11641 | D:10     | Found a shimmering altar of Xom.
 11641 | D:10     | Found a shimmering altar of Xom.
 11641 | D:10     | Found a shimmering altar of Xom.
 11641 | D:10     | Found a shimmering altar of Xom.
 11641 | D:10     | Found a shimmering altar of Xom.
 11641 | D:10     | Found a shimmering altar of Xom.
 11641 | D:10     | Found a shimmering altar of Xom.
 11641 | D:10     | Found a shimmering altar of Xom.
 11759 | D:10     | Found a staircase to the Lair.
 11771 | D:10     | Reached **** piety under Trog
 11900 | D:10     | Reached skill level 16 in Slings
 12328 | D:10     | Received a gift from Trog
 12363 | D:10     | Found a staircase to the Orcish Mines.
 12511 | D:10     | Found Noetyxee's Antique Armour Emporium.
 12848 | Orc:1    | Entered Level 1 of the Orcish Mines
 12885 | Orc:1    | Noticed an orc knight
 12914 | Orc:1    | Noticed an orc warlord
 13236 | D:10     | Received a gift from Trog
 13373 | D:10     | Reached skill level 17 in Slings
 13384 | D:10     | Killed an orc warlord
 13606 | D:10     | Killed an orc knight
 13606 | D:10     | Reached XP level 12. HP: 19/84 MP: 12/12
 14306 | Orc:1    | Reached ***** piety under Trog
 14413 | Orc:1    | Received a gift from Trog
 14750 | Orc:1    | Reached skill level 18 in Slings
 14913 | Orc:1    | Received a gift from Trog
 15147 | Orc:2    | Entered Level 2 of the Orcish Mines
 15261 | Orc:2    | Found a staircase to the Elven Halls.
 15296 | Orc:2    | Found Yfujeisewk's General Store.
 15299 | Orc:2    | Received a gift from Trog
 15329 | Orc:2    | Found Kaclogi's Magic Scroll Shoppe.
 15339 | Orc:2    | Reached skill level 19 in Slings
 15370 | Orc:2    | Bought a scroll of enchant weapon for 127 gold pieces
 15370 | Orc:2    | Bought 2 scrolls of identify for 68 gold pieces
 15373 | Orc:2    | Bought a scroll of identify for 30 gold pieces
 15373 | Orc:2    | Bought a scroll of identify for 30 gold pieces
 15373 | Orc:2    | Bought a scroll of immolation for 52 gold pieces
 15373 | Orc:2    | Bought a scroll of remove curse for 45 gold pieces
 15373 | Orc:2    | Bought a scroll of identify for 30 gold pieces
 15373 | Orc:2    | Bought a scroll of enchant armour for 112 gold pieces
 15419 | Orc:2    | Noticed a soul eater
 15427 | Orc:2    | Killed a soul eater
 15435 | Orc:2    | Noticed an orc high priest
 15472 | Orc:2    | Killed an orc high priest
 15669 | Orc:2    | Noticed a two-headed ogre
 15674 | Orc:2    | Killed a two-headed ogre
 15814 | Orc:2    | Reached XP level 13. HP: 92/92 MP: 13/13
 15831 | Orc:2    | Reached skill level 10 in Fighting
 15866 | Orc:2    | Found a frozen archway.
 15910 | IceCv    | Entered an ice cave
 15911 | IceCv    | Received a gift from Trog
 15958 | IceCv    | Reached skill level 20 in Slings
 17545 | Orc:2    | Reached skill level 21 in Slings
 17573 | Orc:2    | Received a gift from Trog
 17758 | Orc:2    | Reached XP level 14. HP: 101/101 MP: 14/14
 17760 | Orc:2    | Found Xics's Antique Weapon Shop.
 17760 | Orc:2    | Found Xoiskun's Gadget Boutique.
 17760 | Orc:2    | Found a one-way gate leading to the halls of Pandemonium.
 17768 | Orc:2    | Reached ****** piety under Trog
 17893 | Orc:2    | Bought a wand of digging (4) for 208 gold pieces
 17898 | Pan      | Entered Pandemonium
 17904 | Pan      | Killed a lorocyproca
 17972 | Pan      | Found a runed translucent door.
 17972 | Pan      | Found a runed translucent door.
 18057 | Pan      | Reached skill level 22 in Slings
 18403 | Pan      | Noticed a balrug
 18404 | Pan      | Noticed a gelid warmonger
 18455 | Pan      | Killed a gelid warmonger
 18588 | Pan      | Found a runed translucent door.
 18588 | Pan      | Found a runed translucent door.
 18605 | Pan      | Noticed Woffuurch the pandemonium lord
 18724 | Pan      | Noticed an infernal blood saint
 18748 | Pan      | Slain by an infernal blood saint

Skill      XL: |  1  2  3  4  5  6  7  8  9 10 11 12 13 14 |
---------------+-------------------------------------------+-----
Slings         | 6 7 8 9 10 12 13 15 17 19 21 22 | 22.3
Fighting       | 2 3 4 5 6 8 9 11 12 | 12.0
Armour         | 1 2 |  2.1
Short Blades   | 1 2 |  2.2
Dodging        | 3 4 5 6 7 |  7.2
Stealth        | 2 4 |  4.8
Shields        | 5 |  5.8
Long Blades    | |  0.9

Action                   |  1- 3 |  4- 6 |  7- 9 | 10-12 | 13-15 || total
-------------------------+-------+-------+-------+-------+-------++-------
Melee: Short sword       |     4 |    12 |    18 |     1 |    12 ||    47
       Hunting sling     |       |       |     2 |       |       ||     2
       Demon blade       |       |       |       |     3 |       ||     3
 Fire: Hunting sling     |    96 |   106 |   533 |   841 |   405 ||  1981
Invok: Trog's Hand       |       |       |       |     3 |     1 ||     4
       Brothers in Arms  |       |       |       |     2 |     3 ||     5
       Berserk           |       |       |       |       |     1 ||     1
Evoke: Wand              |       |       |    12 |     7 |     2 ||    21
  Use: Scroll            |       |     2 |    10 |    23 |     5 ||    40
       Potion            |       |       |       |     5 |     2 ||     7
  Eat: Ration            |       |     1 |     4 |     4 |     3 ||    12
       Chunk             |       |       |     3 |    11 |       ||    14
Armor: Leather armour    |     8 |     4 |     4 |       |       ||    16
       Ring mail         |       |       |    37 |    40 |    15 ||    92
Dodge: Dodged            |    21 |    19 |    85 |   146 |    49 ||   320
Block: Buckler           |       |       |       |    59 |    21 ||    80
       Reflection        |       |       |       |     7 |       ||     7
